 Dungeon Crawl Stone Soup version 0.27.1-1-g398f81649c (webtiles) character file.

Game seed: 12503801288180513061

407 pokedragonboy the Shield-Bearer (level 7, -4/55 HPs)
             Began as a Formicid Fighter on Sept 11, 2021.
             Was an Initiate of Cheibriados.
             Slain by an ogre (9 damage)
             ... on level 4 of the Dungeon.
             The game lasted 00:13:54 (4793 turns).

pokedragonboy the Shield-Bearer (Formicid Fighter)  Turns: 4793, Time: 00:13:55

Health: -4/55      AC:  7    Str: 22    XL:     7   Next: 12%
Magic:  7/7        EV:  8    Int: 10    God:    Cheibriados [......]
Gold:   76         SH: 10    Dex: 11    Spells: 6/6 levels left

rFire    . . .     SeeInvis +   r - +0 battleaxe
rCold    . . .     Faith    .   c - +0 kite shield
rNeg     + . .     Spirit   .   b - +0 scale mail
rPois    .         Reflect  .   (helmet unavailable)
rElec    .         Harm     .   (no cloak)
rCorr    .         Rampage  .   (no gloves)
Will     .....                  (no boots)
Stlth    ..........             (no amulet)
HPRegen  0.18/turn              m - ring of positive energy
MPRegen  0.10/turn              (no ring)

@: slow
A: permanent stasis, dig shafts and tunnels, antennae 3, four strong arms
a: Dig, Shaft Self, Renounce Religion, Bend Time


You were on level 4 of the Dungeon.
You worshipped Cheibriados.
Cheibriados was noncommittal.
You visited 2 branches of the dungeon, and saw 5 of its levels.

You collected 154 gold pieces.
You spent 78 gold pieces at shops.

Inventory:

Hand Weapons
 a - a +0 war axe
 r - a +0 battleaxe (weapon)
Missiles
 o - 97 stones
Armour
 b - a +0 scale mail (worn)
 c - a +0 kite shield (worn)
Jewellery
 m - a ring of positive energy (left hand)
Scrolls
 f - a scroll of fog {unknown}
 h - a scroll of identify
 i - a scroll of noise {unknown}
 j - a scroll of fear
 p - a scroll of enchant armour {unknown}
 q - a scroll of enchant weapon {unknown}
Potions
 d - a potion of might
 e - 3 potions of flight
 g - 2 potions of curing {unknown}
 l - 2 potions of lignification


   Skills:
 + Level 4.7 Fighting
 * Level 4.6 Axes
 + Level 4.6 Armour
 + Level 5.2 Shields
 + Level 0.0 Invocations


You had 6 spell levels left.
You didn't know any spells.
Your spell library contained the following spells:

 Spells                   Type           Power      Damage    Failure   Level
 Dazzling Flash           Conj/Hex       0%         N/A       100%        3
 Iskenderun's Mystic Bla  Conj/Tloc      0%         2d3       100%        4
 Starburst                Conj/Fire      0%         6d3       100%        6


Dungeon Overview and Level Annotations

Branches:
Dungeon (4/15)             Temple (1/1) D:4

Altars:
Ashenzari
Cheibriados
Elyvilon
Fedhas
Hepliaklqana
Kikubaaqudgha
Makhleb
Nemelex Xobeh
Okawaru
Qazlal
Ru
Sif Muna
Trog
Vehumet
Wu Jian
Xom
Yredelemnul
The Shining One

Shops:
D:3 (

Annotations:
D:2 Natasha
D:3 1 runed translucent door


Innate Abilities, Weirdness & Mutations

You cannot be hasted, slowed, berserked, paralysed or teleported.
You can dig through walls and to a lower floor.
You have a pair of large antennae on your head. (SInv)
Your four strong arms can wield two-handed weapons with a shield.


Message History

You block the endoplasm's attack. The endoplasm freezes you.
You are frozen.
You slice the endoplasm!!
You kill the endoplasm!
Cheibriados appreciates the change of pace.
HP restored.
An ogre comes into view. It is wielding a +0 giant club.
Found 25 stones.
The ogre shouts!
Okay, then.
Okay, then.
Okay, then.
Your shield and scale mail prevent you from hitting the ogre.
The ogre closely misses you. The ogre hits you with a +0 giant club!
You hit the ogre.
The ogre is lightly wounded.
The ogre hits you with a +0 giant club.
You slash the ogre!
The ogre is moderately wounded.
The ogre hits you with a +0 giant club!!
You feel much better.
The ogre hits you with a +0 giant club!!
You slash the ogre!
The ogre is severely wounded.
The ogre hits you with a +0 giant club!!
* * * LOW HITPOINT WARNING * * *
Really quaff the potion of lignification?
Okay, then.
Okay, then.
You slash the ogre!
The ogre is almost dead.
You block the ogre's attack.
You barely miss the ogre.
The ogre is almost dead.
You block the ogre's attack. The ogre barely misses you.
You hit the ogre but do no damage.
The ogre is almost dead.
The ogre hits you with a +0 giant club!
You die...

##### ##...### #####
##......###....
##.......>##.♣.. ####
#.........†..♣♣≈
...##[..........♣♣♣. #
#..#..........♣♣ ♣. ...
#.#........♣♣♣♣♣♣.
.(...##@.........♣♣..P≈.
......O...........≈≈≈≈.≈
.................P.≈≈≈≈≈
..................♣♣♣♣♣♣≈
........###..........♣♣♣P≈
........###............♣P.
.......................♣♣≈
..........##...........♣♣.
...........##.............


You could see an ogre.

Vanquished Creatures
  The ghost of AttackTheMoon the Magician, an amateur GnWz of Vehumet (D:3)
  An orc priest (D:4)
  3 hounds
  Natasha (twice) (D:2)
  A gnoll (D:3)
  7 adders
  An adder skeleton (D:4)
  2 worms
  2 dart slugs
  5 orcs (D:3)
  7 bats
  7 endoplasms
  3 giant cockroaches
  8 goblins
  7 hobgoblins
  5 kobolds
  4 quokkas
  6 ball pythons
  2 frilled lizards (D:2)
  A rat (D:3)
75 creatures vanquished.

Notes
Turn   | Place    | Note
-------+----------+-------------------------------------------
     0 | D:1      | pokedragonboy the Formicid Fighter began the quest for the
                  | Orb.
     0 | D:1      | Reached XP level 1. HP: 18/18 MP: 1/1
    40 | D:1      | Reached XP level 2. HP: 19/24 MP: 2/2
   199 | D:1      | Found a faded altar of an unknown god.
   719 | D:1      | Reached XP level 3. HP: 29/29 MP: 3/3
  1138 | D:2      | Reached skill level 4 in Shields
  1652 | D:2      | Noticed Natasha
  1664 | D:2      | Killed Natasha
  1665 | D:2      | Reached XP level 4. HP: 34/37 MP: 4/4
  1692 | D:2      | Noticed Natasha
  1713 | D:2      | Killed Natasha
  1714 | D:2      | Reached XP level 5. HP: 25/42 MP: 5/5
  1868 | D:2      | Found a hazy altar of Hepliaklqana.
  1889 | D:2      | Noticed Natasha
  2844 | D:3      | Found a runed translucent door.
  2844 | D:3      | Noticed AttackTheMoon's ghost (amateur GnWz)
  2992 | D:3      | Reached XP level 6. HP: 41/48 MP: 6/6
  3293 | D:3      | Found Axtiux's Weapon Shop.
  3298 | D:3      | Found a runed translucent door.
  3301 | D:3      | Bought a +0 battleaxe for 78 gold pieces
  3897 | D:3      | Killed AttackTheMoon's ghost
  3898 | D:3      | Reached skill level 5 in Shields
  4307 | D:4      | Reached XP level 7. HP: 38/55 MP: 7/7
  4429 | D:4      | Found a staircase to the Ecumenical Temple.
  4454 | Temple   | Entered the Ecumenical Temple
  4679 | Temple   | Became a worshipper of Cheibriados the Contemplative
  4793 | D:4      | Slain by an ogre

Illustrated notes

Levels and vault maps discovered:
D:1:      dpeg_arrival_solitude, layout_basic,
          hellmonk_ecumenical_altar_lost_god, roderic_roman_lattice
D:2:      layout_loops_corners, basic_altar, minmay_statues_item, uniq_natasha
D:3:      layout_basic, ebering_ghost_sewer_f, serial_shops,
          nicolae_shop_crystal, cheibrodos_gnoll_hut
D:4:      layout_rooms, minmay_temple_entry_proselytizer, serial_bayou_crossing
Temple:   hc_temple_tempest_star

Skill      XL: |  1  2  3  4  5  6 |
---------------+-------------------+-----
Shields        | 4 5 |  5.2
Axes           | 3 4 |  4.6
Fighting       | 4 |  4.7
Armour         | 4 |  4.6

Action                   |  1- 3 |  4- 6 |  7- 9 || total
-------------------------+-------+-------+-------++-------
Melee: War axe           |    79 |   105 |       ||   184
       Unarmed           |       |     1 |       ||     1
       Battleaxe         |       |    72 |    15 ||    87
 Abil: Dig               |     4 |     7 |       ||    11
  Use: Potion            |       |     2 |     1 ||     3
       Scroll            |       |     1 |     2 ||     3
Armor: Scale mail        |    24 |    80 |     2 ||   106
Dodge: Dodged            |    38 |    59 |     3 ||   100
Block: Kite shield       |    31 |   107 |     5 ||   143
